 Dungeon Crawl Stone Soup version 0.24-a0-136-gad582e5 (webtiles) character file.

Game seed: 4133363210758993039

1022 galech the Chopper (level 8, 55/61 HPs)
             Began as a Demonspawn Fighter on Feb 28, 2019.
             Quit the game on level 3 of the Dungeon.
             The game lasted 00:05:50 (4239 turns).

galech the Chopper (Demonspawn Fighter)             Turns: 4239, Time: 00:05:51

Health: 55/61      AC: 10    Str: 15 (17) XL:     8   Next: 2%
Magic:  8/8        EV:  8    Int:  9 (10) God:
Gold:   122        SH:  9    Dex: 13 (14) Spells: 7/7 levels left

rFire    . . .     SeeInvis .   a - +0 war axe
rCold    . . .     Gourm    +   c - +0 shield
rNeg     + . .     Faith    .   p - +2 ring mail {rPois}
rPois    +         Spirit   .   (no helmet)
rElec    .         Reflect  .   o - +0 cloak
rCorr    .         Harm     .   (no gloves)
MR       .....                  m - +0 pair of boots
Stlth    +.........             j - amulet of the gourmand
HPRegen  0.20/turn              l - ring of positive energy
MPRegen  0.11/turn              (no ring)

@: drained
A: claws 2, hooves 1, powered by pain 2, rot immunity
a: no special abilities


You were on level 3 of the Dungeon.
You were completely stuffed.

You visited 1 branch of the dungeon, and saw 4 of its levels.

You collected 122 gold pieces.

Inventory:

Hand Weapons
 a - a +0 war axe (weapon)
Armour
 c - a +0 shield (worn)
 e - a +0 chain mail
 m - a +0 pair of boots (worn)
 o - a +0 cloak (worn)
 p - a +2 ring mail of poison resistance (worn)
Jewellery
 j - an amulet of the gourmand (around neck)
 l - a ring of positive energy (left claw)
Scrolls
 d - a scroll of magic mapping {unknown}
 g - a scroll of enchant armour {unknown}
 i - 7 scrolls of identify {unknown}
 n - a scroll of blinking {unknown}
Potions
 h - 2 potions of flight {unknown}
Comestibles
 b - 10 chunks of flesh
 f - 4 rations


   Skills:
 + Level 4.5(3.6) Fighting
 + Level 5.7(4.8) Axes
 + Level 4.7(3.8) Armour
 + Level 1.1(0.3) Dodging
 + Level 0.2(0.0) Stealth
 + Level 4.5(3.7) Shields


You had 7 spell levels left.
You didn't know any spells.
Your spell library contained the following spells:

 Spells                   Type           Power        Failure   Level  Hunger
 Blink                    Tloc           N/A          99%         2    ###....
 Shroud of Golubria       Chrm/Tloc      #.........   99%         2    ###....
 Gell's Gravitas          Tloc           #.........   100%        3    ####...
 Lesser Beckoning         Tloc           #.........   100%        3    ####...
 Teleport Other           Tloc           #.......     100%        3    ####...
 Passage of Golubria      Tloc           N/A          100%        4    #####..


Dungeon Overview and Level Annotations

Branches:
Dungeon (4/15)
 Temple: D:4-7

Altars:


Innate Abilities, Weirdness & Mutations

You have very sharp fingernails.
You have large cloven feet.
You sometimes gain power by taking damage.
You are immune to rotting.


Message History

The orc wizard is moderately wounded.
You block the orc wizard's attack.
You slash the orc wizard!
The orc wizard is severely wounded.
The orc wizard hits you with a +0 dagger.
You hit the orc wizard but do no damage.
The orc wizard is severely wounded.
The orc wizard barely misses you. You block the orc wizard's attack.
You barely miss the orc wizard.
The orc wizard is severely wounded.
The orc wizard casts a spell at you. The magic dart hits you.
You slash the orc wizard!
You kill the orc wizard!
You feel your dexterity returning.
You have reached level 8!
You feel stronger.
Your demonic ancestry asserts itself...
Your feet thicken and deform.
No target in view!
Are you sure you want to abandon this character and quit the game? (Confirm with "yes".)

######## ############ #......#
#........... #......##########
#........... #...........#...#
#........... #.....#####.#.#.#
#........... #.(.......#.#.#.#
#........... #......##.#.#.#.#
#...........
#......#..#.#.#'###############)
#......#.<#.#.)@................
####'#.####.##).................
#.#....#.##).....#####.......
#.####.#.♣≈≈.....# #.......
#......#≈≈PP♣#########.......
######≈≈≈PP≈≈♣####...#.......
###.≈♣≈PP≈≈P♣≈≈##)#.#.......
#...≈♣≈≈♣≈P≈≈♣≈##.#.#.......
#.#≈♣P≈P≈≈≈≈≈≈♣##.#.#.......


There were no monsters in sight!

Vanquished Creatures
  Grinder (D:3)
  Sigmund (D:2)
  Edmund (D:2)
  Purgy (D:3)
  An ogre (D:3)
  An orc wizard (D:3)
  2 orc priests
  An iguana (D:4)
  Natasha (thrice) (D:3)
  A gnoll (D:3)
  10 adders
  3 worms
  2 dart slugs (D:1)
  13 orcs
  A ball python (D:2)
  2 giant cockroaches
  8 goblins
  9 hobgoblins
  3 jackals
  7 kobolds
  2 bats
  3 frilled lizards
  5 rats
81 creatures vanquished.

Notes
Turn   | Place    | Note
-------+----------+-------------------------------------------
     0 | D:1      | galech the Demonspawn Fighter began the quest for the Orb.
     0 | D:1      | Reached XP level 1. HP: 18/18 MP: 1/1
   103 | D:1      | Gained mutation: You sometimes gain a little power by
                  | taking damage. [demonic ancestry]
   103 | D:1      | Reached XP level 2. HP: 21/24 MP: 2/2
   938 | D:2      | Found a faded altar of an unknown god.
   948 | D:1      | Reached skill level 2 in Axes
   948 | D:1      | Reached XP level 3. HP: 29/29 MP: 3/3
  1301 | D:2      | Noticed Sigmund
  1308 | D:2      | Gained mutation: You have sharp fingernails. [demonic
                  | ancestry]
  1308 | D:2      | Reached XP level 4. HP: 23/35 MP: 4/4
  1312 | D:2      | Killed Sigmund
  1312 | D:2      | Reached skill level 3 in Axes
  1312 | D:2      | Gained mutation: You are immune to rotting. [demonic
                  | ancestry]
  1312 | D:2      | Reached XP level 5. HP: 23/42 MP: 5/5
  1519 | D:3      | Gained mutation: You sometimes gain power by taking damage.
                  | [demonic ancestry]
  1519 | D:3      | Reached XP level 6. HP: 48/48 MP: 6/6
  1740 | D:4      | Noticed Purgy
  2232 | D:2      | Reached skill level 1 in Dodging
  2469 | D:3      | Noticed Natasha
  2476 | D:3      | Killed Natasha
  2687 | D:3      | Noticed Natasha
  2694 | D:3      | Killed Natasha
  2694 | D:3      | Reached skill level 4 in Axes
  2904 | D:3      | Noticed Grinder
  2917 | D:3      | Killed Grinder
  2917 | D:3      | Gained mutation: You have very sharp fingernails. [demonic
                  | ancestry]
  2917 | D:3      | Reached XP level 7. HP: 35/54 MP: 7/7
  3384 | D:3      | Noticed Natasha
  3395 | D:3      | Killed Natasha
  3495 | D:3      | Killed Purgy
  3553 | D:4      | Noticed Edmund
  3623 | D:2      | Killed Edmund
  3623 | D:2      | Reached skill level 5 in Axes
  4238 | D:3      | Gained mutation: You have large cloven feet. [demonic
                  | ancestry]
  4238 | D:3      | Reached XP level 8. HP: 55/61 MP: 8/8
  4239 | D:3      | Quit the game

Levels and vault maps discovered:
D:1:      dpeg_arrival_shrine, layout_basic
D:2:      layout_basic, chequers_ecumenical_altar_simple_redux, uniq_sigmund
D:3:      layout_basic, serial_bayou_lake_a, uniq_natasha, uniq_grinder
D:4:      layout_basic, lemuel_doored_altar, first_ration, grunt_ministairs_7,
          uniq_purgy, uniq_edmund

Skill      XL: |  1  2  3  4  5  6  7 |
---------------+----------------------+-----
Shields        | 3 4 |  4.5
Armour         | 3 4 |  4.7
Axes           | 2 3 4 5 |  5.7
Dodging        | 1 |  1.1
Fighting       | 4 |  4.5
Stealth        | |  0.2

Action                   |  1- 3 |  4- 6 |  7- 9 || total
-------------------------+-------+-------+-------++-------
Melee: War axe           |   103 |   105 |   129 ||   337
  Use: Potion            |     2 |     2 |     2 ||     6
  Eat: Chunk             |    13 |     6 |     5 ||    24
Armor: Scale mail        |    52 |    14 |       ||    66
       Chain mail        |       |    53 |    62 ||   115
       Ring mail         |       |       |    25 ||    25
Dodge: Dodged            |    16 |    38 |    40 ||    94
Block: Shield            |    58 |    85 |    69 ||   212

Table legend:
 A = Non-vault XP
 B = Vault XP
 C = Vault XP percentage of total XP
 D = Non-vault monster count
 E = Vault monster count
 F = Vault count percentage of total count
                 A         B        C        D         E       F
            +---------+---------+-------+---------+---------+-------
      Total |     590 |     870 |  59.6 |      74 |       7 |   8.6
            +---------+---------+-------+---------+---------+-------
        D:1 |      49 |       0 |   0.0 |      20 |       0 |   0.0
        D:2 |      92 |     393 |  81.0 |      15 |       2 |  11.8
        D:3 |     416 |     435 |  51.1 |      30 |       3 |   9.1
        D:4 |      33 |      42 |  56.0 |       9 |       2 |  18.2
            +---------+---------+-------+---------+---------+-------
